 Dungeon Crawl Stone Soup version 0.23.2-33-g5129a83184 (webtiles) character file.

Game seed: 12277373061103263932

418 Atelerd the Conjurer (level 6, -2/36 HPs)
             Began as an Octopode Venom Mage on July 15, 2019.
             Was an Initiate of Sif Muna.
             Slain by a sky beast (4 damage)
             ... on level 5 of the Dungeon.
             The game lasted 00:06:37 (5751 turns).

Atelerd the Conjurer (Octopode Venom Mage)          Turns: 5751, Time: 00:06:37

Health: -2/36      AC:  1    Str:  8    XL:     6   Next: 93%
Magic:  9/12       EV: 13    Int: 19    God:    Sif Muna [......]
Gold:   254        SH:  0    Dex: 12    Spells: 9/13 levels left

rFire    . . .     SeeInvis .   d - +0 dagger
rCold    . . .     Gourm    .   (no shield)
rNeg     . . .     Faith    .   (helmet restricted)
rPois    .         Spirit   .   (no amulet)
rElec    .         Reflect  .   (no ring)
rCorr    .         Harm     .   (no ring)
MR       .....                  (no ring)
Stlth    +++.......             (no ring)
HPRegen  0.12/turn              (no ring)
MPRegen  0.13/turn              (no ring)
                                (no ring)
                                (no ring)

@: no status effects
A: almost no armour, stealthy swim, amphibious, 8 rings, constrict 8, camouflage
1, gelatinous body 1
a: Renounce Religion


You were on level 5 of the Dungeon.
You worshipped Sif Muna.
Sif Muna was noncommittal.
You were not hungry.

You visited 2 branches of the dungeon, and saw 6 of its levels.

You collected 254 gold pieces.

Inventory:

Hand Weapons
 d - a +0 dagger (weapon)
Wands
 l - a wand of scattershot (7)
Scrolls
 a - 3 scrolls of teleportation
 c - 2 scrolls of enchant weapon
 h - a scroll of amnesia
 i - 6 scrolls of remove curse
 j - a scroll of enchant armour
 m - 2 scrolls of magic mapping
Potions
 e - 2 potions of brilliance {unknown}
 f - a potion of degeneration {unknown}
 g - a potion of flight {unknown}
 k - 6 potions of curing
 n - a potion of magic {unknown}
 o - a potion of invisibility {unknown}
Comestibles
 b - 8 rations


   Skills:
 - Level 2.0 Dodging
 - Level 2.6 Stealth
 + Level 4.0 Spellcasting
 * Level 5.6 Conjurations
 - Level 3.6 Poison Magic


You had 9 spell levels left.
You knew the following spells:

 Your Spells              Type           Power        Failure   Level  Hunger
a - Sting                 Conj/Pois      ###.         1%          1    None
b - Mephitic Cloud        Conj/Pois/Air  ###.....     12%         3    ###....

Your spell library contained the following spells:

 Spells                   Type           Power        Failure   Level  Hunger
 Poisonous Vapours        Pois/Air       ##....       10%         2    ##.....
 Olgreb's Toxic Radiance  Pois           ###.....     30%         4    ####...
 Venom Bolt               Conj/Pois      ###.......   50%         5    ######.


Dungeon Overview and Level Annotations

Branches:
Dungeon (5/15)             Temple (1/1) D:4

Altars:
Ashenzari
Cheibriados
Dithmenos
Elyvilon
Fedhas
Gozag
Hepliaklqana
Kikubaaqudgha
Makhleb
Nemelex Xobeh
Okawaru
Qazlal
Sif Muna
Trog
Uskayaw
Vehumet
Yredelemnul
The Shining One

Shops:
D:5 (


Innate Abilities, Weirdness & Mutations

You cannot wear most types of armour.
You are very stealthy in the water. (Stealth+)
You are amphibious.
You can wear up to eight rings at the same time.
You can use your tentacles to constrict eight enemies at once.
Your skin changes colour to match your surroundings (Stealth+).
Your rubbery body absorbs attacks. (AC +1, EV +1)


Message History

The sting hits something.
Something hits you. Something shocks you.
* * * LOW HITPOINT WARNING * * *
A sky beast appears from thin air!
Reactivating autopickup.
The sky beast looks more healthy.
The sky beast flickers out of sight!
Deactivating autopickup; reactivate with Ctrl-A.
A sky beast appears from thin air!
Reactivating autopickup.
You kill the orc!
Sif Muna accepts your kill.
The sky beast flickers out of sight!
Deactivating autopickup; reactivate with Ctrl-A.
A sky beast appears from thin air!
Reactivating autopickup.
The sky beast hits you.
* * * LOW HITPOINT WARNING * * *
The sky beast shocks you.
* * * LOW HITPOINT WARNING * * *
The sky beast hits you.
You die...

#........###
#...........
#...........
##+#####.÷..
#.#####....
#.....'...†
#######....
###########
#....
#..@.......
#....
##Y#####...
#.... #.#
#.... #≈#
#......######
#.# #......#
# #o#
#......# #
#o# .....l# #
#o# ..o.. #
#.#


oo. # You could see a sky beast and 3 orcs.

Vanquished Creatures
  2 hounds
  2 iguanas (D:4)
  4 worker ants
  A hound zombie (D:5)
  A worker ant zombie (D:5)
  6 adders
  6 gnolls
  An ooze (D:2)
  3 worms (D:4)
  2 dart slugs (D:3)
  4 leopard geckos
  6 orcs
  2 ball pythons
  2 giant cockroaches
  4 goblins
  3 hobgoblins
  2 jackals (D:5)
  2 kobolds
  A quokka (D:5)
  6 bats
  6 frilled lizards
  A leopard gecko skeleton (D:4)
  5 rats
72 creatures vanquished.

Notes
Turn   | Place    | Note
-------+----------+-------------------------------------------
     0 | D:1      | Atelerd the Octopode Venom Mage began the quest for the
                  | Orb.
     0 | D:1      | Reached XP level 1. HP: 11/11 MP: 3/3
   251 | D:1      | Reached XP level 2. HP: 17/17 MP: 5/5
   616 | D:2      | Reached skill level 2 in Conjurations
  1039 | D:2      | Reached XP level 3. HP: 19/21 MP: 6/6
  1045 | D:2      | Learned a level 3 spell: Mephitic Cloud
  1117 | D:2      | HP: 1/21 [orc/+0 short sword (6)]
  2309 | D:3      | Reached skill level 3 in Conjurations
  2435 | D:3      | Reached XP level 4. HP: 27/27 MP: 5/8
  2437 | D:3      | Found an iron altar of Okawaru.
  2969 | D:3      | Reached XP level 5. HP: 24/31 MP: 5/9
  3353 | D:4      | Reached skill level 4 in Conjurations
  3508 | D:4      | Reached XP level 6. HP: 13/36 MP: 5/11
  3774 | D:4      | Found a staircase to the Ecumenical Temple.
  3805 | Temple   | Entered the Ecumenical Temple
  3888 | Temple   | Became a worshipper of Sif Muna the Loreminder
  4067 | D:4      | Reached skill level 5 in Conjurations
  4636 | D:5      | Entered Level 5 of the Dungeon
  5557 | D:5      | Found Wasuulla's Antique Weapon Boutique.
  5723 | D:5      | Noticed a sky beast
  5751 | D:5      | Slain by a sky beast

Skill      XL: |  1  2  3  4  5  6 |
---------------+-------------------+-----
Conjurations   | 2 3 4 5 |  5.6
Spellcasting   | 3 4 |  4.0
Dodging        | |  2.0
Stealth        | |  2.6
Poison Magic   | |  3.6

Action                   |  1- 3 |  4- 6 || total
-------------------------+-------+-------++-------
Melee: Dagger            |    43 |    59 ||   102
       Unarmed           |     3 |       ||     3
       Tentacles         |     6 |    12 ||    18
       Constrict         |     6 |    13 ||    19
 Cast: Sting             |    39 |   105 ||   144
       Mephitic Cloud    |     1 |       ||     1
  Use: Scroll            |       |     7 ||     7
 Stab: Sleeping          |     9 |     4 ||    13
  Eat: Chunk             |     4 |    11 ||    15
Armor: Skin              |     2 |     5 ||     7
Dodge: Dodged            |    34 |    51 ||    85
